AoeStats
← alix

Runestones

508041867Analyzed
1v1 RM · 12d ago on Sep 20, 2026· 35m 1s· 2 players
Game mode
Random Map
Map size
Tiny (2 player)
Population
200
Speed
Normal
Resources
Standard
Victory
Conquest
Starting age
Dark Age
Ending age
Imperial Age
RankedLock teamsTeams togetherTeam positionsShared explorationLock speedFull tech treeHidden civsTurbo modeCheats
Victory
Defeat
🇹🇷 Britons · Türkiye
1926
+12
🇩🇪 Lithuanians · Germany
1834
-12
alix
6:15 Loom
8:21 Feudal Age
9:40 Double-Bit Axe
9:36 Horse Collar
18:05 Fletching
24:48 Castle Age
24:01 Padded Archer Armor
24:13 Gold Mining
24:13 Stone Mining
24:51 Elite Skirmisher
25:27 Bodkin Arrow
27:14 Ballistics
33:16 Leather Archer Armor
Maverick_Taha
5:38 Loom
6:23 Loom
12:10 Feudal Age
13:08 Double-Bit Axe
13:33 Man-at-Arms
18:47 Fletching
18:55 Horse Collar
24:02 Castle Age
22:57 Padded Archer Armor
22:49 Gold Mining
23:55 Scale Barding Armor
24:04 Crossbowman
24:40 Bodkin Arrow
24:56 Bow Saw
29:21 Ballistics
Connection lost

Rejoining the realm…

Still unreachable

The connection could not be restored.

Session expired

The server has moved on; the page needs a fresh start.